 Dungeon Crawl Stone Soup version 0.27-a0-1101-ge311f74bc8 (webtiles) character file.

Game seed: 15983558122663766272

11 voltaire321 the Poker (level 2, -1/22 HPs)
             Began as a Merfolk Gladiator on Apr 28, 2021.
             Slain by a rat (2 damage)
             ... on level 1 of the Dungeon.
             The game lasted 00:01:05 (290 turns).

voltaire321 the Poker (Merfolk Gladiator)            Turns: 290, Time: 00:01:06

Health: -1/22      AC:  4    Str: 14    XL:     2   Next: 25%
Magic:  2/2        EV: 13    Int:  7    God:
Gold:   17         SH:  0    Dex: 15    Spells: 1/1 levels left

rFire    . . .     SeeInvis .   a - +0 trident
rCold    . . .     Faith    .   (no shield)
rNeg     . . .     Spirit   .   b - +0 leather armour
rPois    .         Reflect  .   c - +0 helmet
rElec    .         Harm     .   (no cloak)
rCorr    .         Rampage  .   (no gloves)
Will     .....                  (no boots)
Stlth    +.........             (no amulet)
HPRegen  0.07/turn              (no ring)
MPRegen  0.08/turn              (no ring)

@: no status effects
A: (nimble swimmer 2), mertail
a: no special abilities


You were on level 1 of the Dungeon.
You visited 1 branch of the dungeon, and saw 1 of its levels.

You collected 17 gold pieces.

Inventory:

Hand Weapons
 a - a +0 trident (weapon)
Missiles
 d - 3 throwing nets (quivered)
Armour
 b - a +0 leather armour (worn)
 c - a +0 helmet (worn)
Scrolls
 e - 2 scrolls of identify {unknown}
 f - a scroll of amnesia {unknown}
 g - a scroll of blinking {unknown}


   Skills:
 + Level 2.2 Fighting
 + Level 5.0 Polearms
 + Level 2.0 Throwing
 + Level 4.3 Dodging


You had one spell level left.
You didn't know any spells.
Your spell library was empty.

Dungeon Overview and Level Annotations

Branches:
Dungeon (1/15)

Altars:


Innate Abilities, Weirdness & Mutations

((You are quick and stealthy near water. (Stealth+, EV+, Speed+++)))
Your lower body shifts to a powerful aquatic tail in water.


Message History

The gnoll shouts!
The gnoll hits you with a +0 flail!
You hit the gnoll.
The gnoll is moderately wounded.
The gnoll closely misses you.
You puncture the gnoll!
The gnoll is severely wounded.
The gnoll hits you with a +0 flail. The rat barely misses you.
You closely miss the gnoll.
The gnoll is severely wounded.
The gnoll barely misses you. The rat closely misses you.
You hit the gnoll.
The gnoll is severely wounded.
The gnoll closely misses you. The rat completely misses you.
You closely miss the gnoll.
The gnoll is severely wounded.
The gnoll barely misses you. The rat bites you.
You barely miss the gnoll.
The gnoll is severely wounded.
The gnoll barely misses you. The rat barely misses you.
You hit the gnoll but do no damage.
The gnoll is severely wounded.
The gnoll completely misses you. The rat bites you.
You hit the gnoll but do no damage.
The gnoll is severely wounded.
The gnoll hits you with a +0 flail. The rat misses you.
You hit the gnoll but do no damage.
The gnoll is severely wounded.
The gnoll hits you with a +0 flail.
* * * LOW HITPOINT WARNING * * *
The rat bites you but does no damage.
You hit the gnoll but do no damage.
The gnoll is severely wounded.
The gnoll hits you with a +0 flail.
* * * LOW HITPOINT WARNING * * *
The rat bites you but does no damage.
You puncture the gnoll!
You kill the gnoll!
The rat bites you.
You die...

..............# ##
..............# .#
#..............# .#
#..............# .#
#..............# .#
####............# .#
##.........)r...# .#
##........##@## .#
#..........#..######
.#
#..........#.........
##
#............#.######
# #...........##.#
#####...........# .#
...###......∩.....♣.
...###..............
...##................


You could see a rat.

Vanquished Creatures
  A gnoll (D:1)
  An endoplasm (D:1)
  A goblin (D:1)
  2 hobgoblins (D:1)
  2 kobolds (D:1)
  A quokka (D:1)
  A ball python (D:1)
  A bat (D:1)
  A rat (D:1)
11 creatures vanquished.

Notes
Turn   | Place    | Note
-------+----------+-------------------------------------------
     0 | D:1      | voltaire321 the Merfolk Gladiator began the quest for the
                  | Orb.
     0 | D:1      | Reached XP level 1. HP: 16/16 MP: 1/1
    81 | D:1      | Found a faded altar of an unknown god.
   108 | D:1      | Reached XP level 2. HP: 18/22 MP: 2/2
   110 | D:1      | Reached skill level 5 in Polearms
   289 | D:1      | HP: 1/22 [gnoll/+0 flail (5)]
   290 | D:1      | Slain by a rat

Illustrated notes

Levels and vault maps discovered:
D:1:      elethiomel_arrival_infinity_welcomes_careful_drivers, layout_rooms,
          hellmonk_ecumenical_altar_arch_garden

Skill      XL: |  1  2 |
---------------+-------+-----
Polearms       | 5 |  5.0
Fighting       | |  2.2
Throwing       | |  2.0
Dodging        | |  4.3

Action                   || total
-------------------------++-------
Melee: Trident           ||    44
Armor: Leather armour    ||     8
Dodge: Dodged            ||    38

Table legend: (Time is in decaauts)
 A = Elapsed time spent in this place.
 B = Non-inter-level travel time spent in this place.
 C = Inter-level travel time spent in this place.
 D = Time resting spent in this place.
 E = Time spent auto-exploring this place.
 F = Levels seen in this place.
 G = Mean time per level.
                   A        B        C        D        E       F      G
               +--------+--------+--------+--------+--------+-----+--------+
         Total |    292 |    292 |      0 |     45 |    133 |   1 |  292.0 |
       Dungeon |    292 |    292 |      0 |     45 |    133 |   1 |  292.0 |
               +--------+--------+--------+--------+--------+-----+--------+

Top non-repeatable levels by time:
     D:1: 292 daAuts
